 Dungeon Crawl Stone Soup version 0.24-a0-201-gf205589 (webtiles) character file.

Game seed: 7243045638824609770

2232 Borgoz the Cutter (level 9, -7/59 HPs)
             Began as a Halfling Fighter on Mar 24, 2019.
             Mangled by an ice beast (13 damage)
             ... on level 5 of the Dungeon.
             The game lasted 00:16:57 (7370 turns).

Borgoz the Cutter (Halfling Fighter)                Turns: 7370, Time: 00:16:58

Health: -7/59      AC:  4    Str: 17    XL:     9   Next: 62%
Magic:  21/21      EV: 18    Int: 18    God:
Gold:   337        SH:  0    Dex: 15    Spells: 13/13 levels left

rFire    . . .     SeeInvis +   a - +4 dagger
rCold    . . .     Gourm    .   (shield restricted)
rNeg     . . .     Faith    .   x - +2 robe "Cudefan" {-Cast Regen+ Int+10}
rPois    .         Spirit   .   (no helmet)
rElec    .         Reflect  .   u - scarf {repulsion}
rCorr    .         Harm     .   (no gloves)
MR       .....     NoCast   +   (no boots)
Stlth    +++.......             (no amulet)
HPRegen  0.59/turn              p - ring of magical power
MPRegen  0.17/turn              B - ring of see invisible

@: repel missiles
A: small, mutation resistance 1
a: no special abilities


You were on level 5 of the Dungeon.
You were near starving.

You visited 1 branch of the dungeon, and saw 5 of its levels.
You visited the Abyss 1 time.
You also visited: Sewer.

You collected 337 gold pieces.

Inventory:

Hand Weapons
 a - a +4 dagger (weapon)
 b - a +1 blowgun
 g - a +1 dagger of distortion
 q - a +0 rapier
 w - a +0 hand crossbow
Missiles
 m - 56 poisoned needles
 n - 2 tomahawks of returning (quivered)
 r - 10 tomahawks
Armour
 c - a +0 shield
 o - a +1 troll leather armour
 u - a scarf of repulsion (worn)
 x - the +2 robe "Cudefan" (worn) {-Cast Regen+ Int+10}
   (You found it on level 5 of the Dungeon)

   It affects your intelligence (+10).
   It prevents spellcasting.
   It increases your rate of regeneration.
 y - a +4 ring mail
 A - +0 shadow dragon scales
Jewellery
 p - a ring of magical power (left hand)
 s - an uncursed ring of magical power
 B - a ring of see invisible (right hand)
Wands
 z - a wand of digging (4)
Scrolls
 e - 3 scrolls of remove curse
 h - a scroll of blinking
 i - 2 scrolls of identify
 j - a scroll of amnesia
 k - 2 scrolls of enchant weapon
 t - a scroll of teleportation
Potions
 l - 3 potions of flight
 v - 2 potions of haste
Comestibles
 f - 9 rations


   Skills:
 + Level 4.5 Fighting
 * Level 6.9 Short Blades
 + Level 3.5 Throwing
 * Level 6.8 Armour
 * Level 5.6 Dodging
 + Level 4.3 Stealth
 - Level 3.2 Shields
 + Level 2.5 Spellcasting


You had 13 spell levels left.
You didn't know any spells.
Your spell library contained the following spells:

 Spells                   Type           Power        Failure   Level  Hunger
 Song of Slaying          Chrm           #.......     26%         2    ##.....
 Swiftness                Chrm/Air       #.......     26%         2    ##.....
 Spectral Weapon          Hex/Chrm       #.......     45%         3    ###....
 Excruciating Wounds      Chrm/Necr      #.........   99%         5    ######.
 Ring of Flames           Chrm/Fire      #.........   100%        7    #######


Dungeon Overview and Level Annotations

Branches:
Dungeon (5/15)
 Temple: D:4-7

Altars:
Kikubaaqudgha
Makhleb
Okawaru
Uskayaw
Vehumet
Wu Jian


Innate Abilities, Weirdness & Mutations

You are small and have problems with some larger weapons.
You are somewhat resistant to further mutation.


Message History

The ice beast is almost dead.
The ice beast closely misses you.
You hit the ice beast but do no damage.
The ice beast is almost dead.
You are near starving!
The ice beast closely misses you.
You hit the ice beast but do no damage.
The ice beast is almost dead.
The ice beast hits you.
* * * LOW HITPOINT WARNING * * *
The ice beast freezes you!
* * * LOW HITPOINT WARNING * * *
You barely miss the ice beast.
The ice beast is almost dead.
You hit the ice beast but do no damage.
The ice beast is almost dead.
The ice beast hits you.
* * * LOW HITPOINT WARNING * * *
The ice beast freezes you!
You die...

#.#...###.
#......##.
#########.#...###.
#...............[.
#.#######.##.####.
#.# #.##.# #. #.#
#.##'####. #.#
#......... #@##
##.....### #Y.#
##.......## #...#
#.........#
.......+.........'
##...####.........#
#..## ##.......##
#..# ##.....## ....
##...## #..# ##'##


You could see an ice beast.

Vanquished Creatures
  Pikel (D:4)
  A centaur zombie (D:5)
  Duvessa (D:5)
  An ice beast (D:5)
  3 slaves (D:4)
  2 ogres (D:5)
  Blork the orc (D:5)
  Dowan (D:5)
  2 scorpions (D:5)
  A crimson imp (D:4)
  2 bullfrog zombies (D:5)
  3 hounds
  An orc priest (D:5)
  2 jellies
  A bullfrog skeleton (D:4)
  Terence (D:2)
  An iguana (D:5)
  3 orc wizards
  4 worker ants (D:4)
  A hound skeleton (D:3)
  A howler monkey skeleton (D:4)
  9 adders
  3 gnolls (D:3)
  A river rat (D:3)
  10 oozes
  An adder zombie (D:5)
  3 worms
  4 leopard geckos (D:3)
  21 orcs
  7 ball pythons
  10 bats
  7 giant cockroaches
  4 goblins
  10 hobgoblins
  9 jackals
  24 kobolds
  3 quokkas
  12 frilled lizards
  A jackal skeleton (D:5)
  A quokka skeleton (D:4)
  6 rats
  4 plants (Sewer)
184 creatures vanquished.

Vanquished Creatures (others)
  A slave (D:4)
  7 toadstools (D:4)
8 creatures vanquished.

Grand Total: 192 creatures vanquished

Notes
Turn   | Place    | Note
-------+----------+-------------------------------------------
     0 | D:1      | Borgoz the Halfling Fighter began the quest for the Orb.
     0 | D:1      | Reached XP level 1. HP: 15/15 MP: 1/1
   187 | D:1      | Reached XP level 2. HP: 20/20 MP: 2/2
   599 | D:1      | Reached skill level 1 in Dodging
   740 | D:1      | Reached XP level 3. HP: 25/25 MP: 3/3
   969 | D:1      | Found an iron altar of Okawaru.
   996 | D:2      | Noticed Terence
  1014 | D:2      | Killed Terence
  1014 | D:2      | Reached XP level 4. HP: 19/30 MP: 4/4
  1288 | D:2      | Reached skill level 1 in Stealth
  1516 | D:2      | Reached skill level 1 in Throwing
  1823 | D:2      | Found an ornate altar of the Wu Jian Council.
  2078 | D:3      | Reached XP level 5. HP: 36/36 MP: 5/5
  2433 | D:3      | Found a glowing drain.
  2445 | D:3      | Reached XP level 6. HP: 35/42 MP: 7/7
  2449 | Sewer    | Entered a sewer
  2900 | Sewer    | Reached skill level 1 in Spellcasting
  4336 | D:4      | Cast into level 1 of the Abyss (orc)
  4339 | Abyss:1  | Identified the Collected Works on Aid
  4379 | Abyss:1  | Found a corrupted altar of Lugonu.
  4388 | D:4      | Escaped the Abyss
  4452 | D:4      | Reached XP level 7. HP: 40/46 MP: 8/8
  4788 | D:4      | Noticed Pikel
  4903 | D:4      | Killed Pikel
  4903 | D:4      | Reached skill level 5 in Short Blades
  4903 | D:4      | Reached skill level 5 in Armour
  4903 | D:4      | Reached XP level 8. HP: 29/54 MP: 10/10
  5199 | D:4      | Found a burning altar of Makhleb.
  5200 | D:4      | Found a radiant altar of Vehumet.
  5941 | D:5      | Entered Level 5 of the Dungeon
  5987 | D:5      | Noticed Dowan
  6032 | D:5      | Reached XP level 9. HP: 31/58 MP: 12/12
  6185 | D:5      | Noticed Duvessa
  6191 | D:5      | Killed Duvessa
  6191 | D:5      | Reached skill level 5 in Dodging
  6207 | D:5      | Killed Dowan
  6755 | D:5      | Noticed Blork the orc
  6783 | D:5      | Killed Blork the orc
  7261 | D:5      | Found an ancient bone altar of Kikubaaqudgha.
  7261 | D:5      | Found a hide-covered altar of Uskayaw.
  7311 | D:5      | Got a creamy pearl robe
  7322 | D:5      | Identified the +2 robe "Cudefan" {-Cast Regen+ Int+10} (You
                  | found it on level 5 of the Dungeon)
  7370 | D:5      | Mangled by an ice beast

Levels and vault maps discovered:
D:1:      dpeg_arrival_water_altar, layout_loops_corners, serial_forest,
          infiniplex_forest_corner_2, infiniplex_forest_straight_5,
          infiniplex_forest_end_2, infiniplex_forest_side_room,
          infiniplex_forest_clump_medium, infiniplex_forest_lined_room_3
D:2:      layout_loops_cross, lemuel_coloured_pillars_altar, first_ration,
          uniq_terence
D:3:      minmay_inner_zag, layout_loops_ring, gup_sewer_entry_spiral,
          wad_floor_pattern_2
D:4:      cheibrodos_fertilizer, layout_layer_cave,
          grunt_temple_overflow_lords_of_destruction, minmay_misc_feat_rugged,
          kennysheep_generic_room_16, uniq_pikel
D:5:      layout_loops_corners, amethyst_overflow_temple_binary, uniq_duvessa,
          uniq_blork_the_orc
Abyss:1
Sewer:    sewer_co_scattered_pipes

Skill      XL: |  1  2  3  4  5  6  7  8  9 |
---------------+----------------------------+-----
Dodging        | 1 2 4 5 |  5.6
Short Blades   | 3 4 5 6 |  6.9
Stealth        | 1 2 3 4 |  4.3
Throwing       | 1 2 3 |  3.5
Fighting       | 3 4 |  4.5
Armour         | 4 5 6 |  6.8
Spellcasting   | 1 2 |  2.5
Shields        | |  3.2

Action                   |  1- 3 |  4- 6 |  7- 9 || total
-------------------------+-------+-------+-------++-------
Melee: Rapier            |    69 |   443 |       ||   512
       Dagger            |       |   187 |   521 ||   708
 Fire: Blowgun           |       |     3 |     3 ||     6
  Use: Scroll            |       |    10 |     3 ||    13
       Potion            |       |     8 |     7 ||    15
 Stab: Sleeping          |       |     5 |     6 ||    11
       Distracted        |       |       |     1 ||     1
  Eat: Chunk             |       |    13 |     5 ||    18
       Ration            |       |       |     1 ||     1
Armor: Ring mail         |    16 |     5 |       ||    21
       Troll leather arm |       |    69 |    68 ||   137
       Shadow dragon sca |       |    60 |       ||    60
       Skin              |       |       |    21 ||    21
       Robe              |       |       |     3 ||     3
Dodge: Dodged            |    47 |   306 |   274 ||   627
       Deflected         |       |     6 |     3 ||     9

Table legend:
 A = Non-vault XP
 B = Vault XP
 C = Vault XP percentage of total XP
 D = Non-vault monster count
 E = Vault monster count
 F = Vault count percentage of total count
                 A         B        C        D         E       F
            +---------+---------+-------+---------+---------+-------
      Total |    1913 |    1276 |  40.0 |     119 |      58 |  32.8
            +---------+---------+-------+---------+---------+-------
        D:1 |      31 |       0 |   0.0 |      20 |       0 |   0.0
        D:2 |      39 |      38 |  49.4 |      17 |       1 |   5.6
        D:3 |     186 |      60 |  24.4 |      38 |      12 |  24.0
        D:4 |     349 |     793 |  69.4 |      21 |      19 |  47.5
        D:5 |    1308 |     325 |  19.9 |      23 |       3 |  11.5
      Sewer |       0 |      60 | 100.0 |       0 |      23 | 100.0
            +---------+---------+-------+---------+---------+-------
